Map: Submarine LE

Players

LingDingDing - Winner!

  • Race: Zerg Zerg
  • League: Platinum
  • Spawn Location: 11:00

Massa

  • Race: Terran Terran
  • Spawn Location: 5:00

VOD

Have the link to the VOD?

Description

Time

  • Played on: Oct. 3, 2020, 5:08 a.m.
  • Length: 20:52
Show
View Real Time Build Order
Export as new Build Order

LingDingDing Zerg - Winner!

Build Orders: Hatch First, Muta Ling Bane 

Get SALT Encoding   

  12  0:01  Drone  
  13  0:08  Drone  
  14  0:19  Extractor  
  14  0:20  Drone  
  14  0:22  Extractor  
  14  0:23  Drone  
  14  0:27  Overlord  
  16  0:49  Hatchery  
  15  0:55  Drone  
  16  0:59  Drone  
  16  1:01  Drone  
  18  1:15  Spawning Pool  
  17  1:22  Drone x2  
  17  1:25  Extractor  
  18  1:32  Overlord  
  18  1:45  Drone  
  19  1:49  Drone  
  20  2:02  Zergling x4  
  20  2:03  Queen  
  20  2:05  Queen  
  26  2:12  Drone  
  27  2:18  Drone  
  28  2:27  Drone x2  
  28  2:28  Metabolic Boost  
  30  2:39  Drone x2  
  32  2:47  Queen  
  32  2:50  Overlord  
  34  3:01  Zergling x4  
  34  3:04  Overlord x2  
  36  3:10  Drone  
  37  3:26  Baneling Nest  
  36  3:29  Drone  
  36  3:30  Drone x5  
  42  3:39  Zergling x4  
  42  3:48  Zergling x2  
  42  3:49  Zergling x2  
  44  4:06  Hatchery  
  43  4:10  Evolution Chamber  
  43  4:16  Zergling x12  
  48  4:21  Baneling x5  
  48  4:25  Extractor  
  40  5:07  Zergling x4  
  40  5:08  Zergling x20  
  47  5:17  Lair  
  47  5:21  Spore Crawler  
  46  5:24  Drone x3  
  49  5:32  Spore Crawler  
  49  5:34  Drone  
  48  5:59  Drone, Zergling x6  
  48  6:00  Drone x3, Zergling x4  
  52  6:21  Zergling x6  
  52  6:22  Zergling x8  
  53  6:34  Baneling x4  
  53  6:43  Zergling x4  
  53  6:44  Zergling x4  
  47  7:09  Zergling x4  
  47  7:10  Zergling x12  
  53  7:22  Drone  
  54  7:23  Drone x4  
  54  7:26  Extractor  
  57  7:30  Spire  
  57  7:32  Extractor  
  57  7:36  Centrifical Hooks  
  55  7:40  Drone x3  
  55  7:41  Drone x2  
  60  7:44  Baneling x2  
  60  7:45  Baneling x6  
  60  7:49  Drone x2, Zergling x8  
  66  7:57  Spore Crawler, Spine Crawler  
  52  8:13  Zergling x8  
  52  8:14  Zergling x6  
  59  8:21  Spine Crawler  
  59  8:24  Spine Crawler  
  59  8:25  Spine Crawler  
  56  8:27  Extractor  
  56  8:30  Extractor  
  56  8:31  Spine Crawler  
  53  8:35  Baneling x4  
  53  8:44  Mutalisk x5  
  60  9:10  Zergling x12  
  60  9:16  Overlord x3  
  66  9:24  Overlord  
  66  9:25  Overlord x2  
  66  9:32  Zerg Melee Weapons Level 1  
  66  9:34  Hatchery  
  65  9:55  Drone, Zergling x6  
  65  9:56  Drone x3, Zergling x4  
  74  10:03  Overseer  
  74  10:05  Pneumatized Carapace  
  74  10:23  Drone x3, Zergling x6  
  80  10:42  Corruptor x3  
  80  10:43  Mutalisk x3  
  80  10:46  Baneling  
  80  10:47  Baneling x5  
  92  10:53  Drone x4  
  96  11:10  Infestation Pit  
  95  11:12  Drone x8  
  95  11:17  Spore Crawler  
  102  11:20  Spore Crawler  
  102  11:22  Spine Crawler  
  100  11:26  Zerg Ground Armor Level 1  
  100  11:28  Drone x4  
  100  11:32  Zerg Flyer Weapons Level 1  
  104  11:47  Overseer  
  104  11:54  Extractor  
  103  11:56  Burrow  
  103  11:57  Overlord x3, Extractor  
  103  11:58  Overlord, Drone  
  103  11:59  Drone x7  
  110  12:33  Hive  
  110  12:38  Overlord  
  110  12:39  Overlord x4, Mutalisk  
  110  12:40  Mutalisk x7  
  126  13:19  Zerg Melee Weapons Level 2  
  126  13:20  Baneling x6  
  126  13:28  Baneling x11  
  126  13:29  Baneling x8  
  126  13:54  Hatchery  
  125  14:02  Hatchery  
  124  14:03  Adrenal Glands, Ultralisk Cavern  
  124  14:05  Zergling x28  
  124  14:06  Zergling x2  
  138  14:14  Evolution Chamber  
  130  14:46  Zergling x2  
  130  14:47  Zergling x8  
  132  15:05  Zergling x2  
  132  15:06  Zergling x20  
  122  15:10  Baneling x2  
  122  15:11  Baneling x6  
  122  15:12  Baneling x2  
  122  15:13  Zergling x2  
  118  15:14  Zergling x2  
  118  15:15  Baneling x2  
  118  15:20  Ultralisk x4  
  142  15:25  Ultralisk  
  146  15:42  Mutalisk x7  
  151  16:08  Anabolic Synthesis  
  151  16:16  Drone x4  
  151  16:17  Drone x6  
  161  16:19  Drone x3  
  159  16:50  Chitinous Plating  
  158  17:06  Spore Crawler  
  157  17:08  Spine Crawler  
  157  17:09  Spine Crawler  
  157  17:10  Spore Crawler  
  157  17:11  Extractor  
  157  17:13  Extractor  
  157  17:14  Zergling x14  
  157  17:15  Zergling x28  
  173  17:20  Spore Crawler, Extractor  
  171  17:23  Spine Crawler  
  171  17:24  Spine Crawler  
  171  17:27  Spore Crawler  
  171  17:29  Spine Crawler, Extractor  
  166  17:45  Greater Spire  
  166  17:47  Overseer x2  
  166  17:49  Neural Parasite  
  166  17:51  Infestor x2  
  166  17:52  Infestor x4  
  164  19:08  Pathogen Glands  
  152  19:34  Zergling x2  
  152  19:35  Zergling x32  
  152  19:36  Zergling x8  
  157  19:49  Baneling x8  
  157  19:50  Baneling x22  
  124  20:21  Zergling x2  
  124  20:22  Zergling x18  
  118  20:32  Zergling x2  
  118  20:33  Zergling x16  
Show
View Real Time Build Order
Export as new Build Order

Massa Terran 

Build Orders: Reaper Expand 

Get SALT Encoding   

  12  0:00  SCV  
  13  0:12  SCV  
  14  0:17  Supply Depot  
  14  0:24  SCV  
  15  0:39  SCV  
  15  0:40  Barracks  
  16  0:52  Refinery, SCV  
  17  1:04  SCV  
  18  1:16  SCV  
  19  1:32  Command Center  
  19  1:36  Reaper  
  20  1:44  Orbital Command  
  20  1:59  Supply Depot  
  20  2:11  Marine  
  20  2:14  Factory  
  20  2:15  SCV  
  22  2:27  SCV  
  22  2:41  Barracks Reactor  
  22  2:45  Orbital Command  
  22  2:49  SCV  
  23  3:00  Orbital Command  
  23  3:01  SCV  
  24  3:09  Hellion  
  26  3:20  Marine x2  
  26  3:25  Command Center  
  28  3:29  SCV  
  28  3:31  Hellion  
  31  3:38  Marine x2  
  31  3:41  SCV  
  34  3:53  Factory Reactor  
  34  3:56  Marine x2  
  34  3:57  SCV x2  
  38  4:08  Starport  
  38  4:09  SCV x2  
  40  4:11  Supply Depot, Refinery  
  40  4:15  Engineering Bay  
  40  4:21  SCV x2  
  42  4:31  Bunker  
  42  4:32  Marine x2  
  42  4:33  SCV  
  42  4:34  SCV  
  42  4:35  Hellion  
  48  4:41  Hellion  
  50  4:45  SCV  
  50  4:46  Orbital Command, SCV  
  35  5:08  Marine x2  
  35  5:13  SCV x3  
  32  5:19  Bunker  
  32  5:24  Hellion x2  
  32  5:25  SCV x2  
  32  5:26  Marine x2  
  40  5:28  Starport Tech Lab  
  40  5:32  SCV  
  41  5:37  SCV  
  41  5:38  SCV  
  43  5:44  Marine x2, SCV  
  43  5:45  Hellion x2  
  39  6:02  Marine x2  
  36  6:07  Hellion x2  
  30  6:19  Marine x2  
  29  6:28  Hellion x2  
  28  6:38  SCV  
  29  6:46  Marine x2  
  31  6:49  Hellion  
  29  7:10  Marine  
  29  7:11  Marine  
  29  7:12  Hellion x2  
  29  7:14  SCV x2  
  29  7:15  SCV  
  35  7:26  SCV  
  35  7:27  SCV x2  
  38  7:31  Supply Depot  
  38  7:33  Hellion x2  
  42  7:40  Marine x2, Supply Depot  
  44  7:45  Bunker  
  44  7:58  Marine  
  35  8:16  Marine x2  
  35  8:17  Hellion  
  35  8:18  Hellion  
  41  8:21  SCV x3  
  44  8:33  SCV x3  
  44  8:34  Marine x2  
  47  8:39  Hellion  
  51  8:42  Banshee, Bunker  
  51  8:45  SCV x2  
  44  9:06  Marine x2  
  44  9:08  Hellion x2  
  48  9:12  Bunker  
  48  9:25  Banshee  
  51  9:35  SCV x3  
  54  9:43  Missile Turret  
  54  9:47  SCV x2  
  54  9:48  Missile Turret  
  54  9:50  Missile Turret, Cloaking Field  
  55  9:57  Barracks  
  51  10:06  Missile Turret  
  51  10:09  Missile Turret  
  51  10:11  Missile Turret  
  51  10:13  Missile Turret  
  51  10:17  Marine x2  
  53  10:25  Terran Infantry Weapons Level 1, Barracks  
  53  10:32  Medivac  
  53  10:34  Marine  
  53  10:35  Marine  
  57  10:40  SCV x3  
  60  10:50  Barracks Tech Lab  
  60  10:52  Marine x2, SCV x3  
  65  11:02  Medivac  
  67  11:10  Marine  
  67  11:11  Refinery  
  68  11:18  Orbital Command  
  68  11:19  Stimpack  
  68  11:25  SCV  
  69  11:42  SCV x2  
  65  11:51  Missile Turret  
  65  11:53  SCV  
  66  11:54  Missile Turret, SCV x2  
  66  11:57  Marine  
  66  12:00  Barracks Reactor  
  69  12:12  Missile Turret  
  69  12:15  Supply Depot  
  69  12:17  Supply Depot  
  69  12:32  Missile Turret  
  69  12:36  Medivac, Widow Mine x2, Marauder  
  77  12:39  Marine x2, SCV x3  
  77  12:40  Sensor Tower  
  77  12:41  Supply Depot  
  77  12:43  Supply Depot  
  82  12:44  Sensor Tower  
  82  12:48  Missile Turret  
  82  12:51  SCV  
  82  12:53  Missile Turret  
  82  12:55  SCV  
  82  12:56  SCV  
  85  12:59  Combat Shield  
  85  13:03  Widow Mine x2, Marine, Marauder, SCV  
  92  13:06  Medivac  
  92  13:07  Supply Depot  
  92  13:08  SCV x2  
  96  13:13  Missile Turret  
  96  13:20  Marine x3  
  96  13:21  Marine  
  100  13:29  Widow Mine x2, Marauder  
  106  13:36  Medivac  
  106  13:38  Marine  
  109  13:42  Missile Turret  
  109  13:49  Supply Depot  
  109  13:51  Supply Depot x2  
  109  13:53  Refinery  
  109  13:54  Terran Infantry Armor Level 1  
  109  13:57  Armory  
  109  14:02  Engineering Bay  
  109  14:10  Medivac  
  109  14:11  Widow Mine x2, Command Center, Marauder  
  109  14:12  Marine x4, Supply Depot  
  109  14:14  Supply Depot  
  121  14:18  Concussive Shells  
  121  14:29  Starport  
  121  14:30  Marine x3  
  124  14:32  Widow Mine x2  
  82  15:12  SCV  
  82  15:13  SCV  
  83  15:25  SCV x2  
  73  15:37  SCV  
  48  15:44  Marine x4, Marauder  
  48  15:47  Widow Mine x2  
  58  16:02  Marine x4  
  62  16:05  Marauder  
  62  16:07  Terran Infantry Weapons Level 2, Terran Infantry Armor Level 2  
  62  16:09  Widow Mine x2  
  62  16:10  Terran Vehicle Weapons Level 1  
  68  16:20  Marine x4  
  72  16:27  Marauder  
  72  16:30  Widow Mine x2  
  76  16:37  Marine  
  76  16:38  Marine x3  
  80  16:48  Marauder  
  80  16:51  Widow Mine x2  
  80  16:54  Starport Reactor  
  84  16:55  Marine  
  84  16:56  Marine  
  84  16:59  Liberator  
  87  17:09  Marauder  
  87  17:15  Planetary Fortress  
  89  17:17  SCV x2  
  91  17:29  SCV x2  
  93  17:31  Marauder  
  93  17:35  Hellion x2  
  99  17:41  Factory, SCV  
  99  17:42  Liberator, SCV  
  104  17:57  Missile Turret, Hellion x2  
  108  18:01  SCV x3  
  111  18:13  SCV  
  111  18:18  Hellion x2  
  111  18:19  Missile Turret  
  116  18:25  Liberator  
  119  18:39  Hellion  
  119  18:57  Missile Turret  
  119  19:07  Missile Turret x2  
  119  19:09  Missile Turret  
  112  19:40  Missile Turret  
  112  19:43  Missile Turret  
  112  19:44  SCV x2  
  112  19:45  SCV  
  115  19:53  Raven  
  115  19:55  Viking x2  
  115  19:56  SCV  
  115  19:57  Factory Tech Lab, SCV  
  123  20:05  Barracks  
Tags
 
Add a new tag
Caveats
  • Supply blocks, unpowered buildings, or Contaminate may cause inaccurate times.
  • Supply counts are checked every 10 seconds.